 Dungeon Crawl Stone Soup version 0.31-a0-325-g067879e3d3 (webtiles) character file.

Game seed: 13868100851192360234

958 LustLizard the Ruffian (level 8, -3/54 HPs)
             Began as an Octopode Shapeshifter on July 19, 2023.
             Was an Initiate of Wu Jian.
             Slain by an orc priest
             ... wielding a +0 flail
              (9 damage)
             ... on level 5 of the Dungeon.
             The game lasted 00:06:50 (4315 turns).

LustLizard the Ruffian (Octopode Shapeshifter)      Turns: 4315, Time: 00:06:50

Health: -3/54      AC:  1    Str: 17    XL:     8   Next: 14%
Magic:  8/8        EV: 13    Int: 16    God:    Wu Jian [......]
Gold:   173        SH:  0    Dex: 18    Spells: 3/7 levels left

rFire   . .          .
                       - Unarmed
rCold   . . .        (no shield)
rNeg    + . .        (helmet currently unavailable)
rPois   .            c - amulet of magic regeneration
rElec   .            k - +6 ring of dexterity
rCorr   .            l - ring of positive energy
SInv    .            s - +6 ring of intelligence
Will    .....        w - ring of flight
Stlth   +++          (no ring)
HPRegen 0.29/turn    (no ring)
MPRegen 0.51/turn    (no ring)
                     (no ring)

%: no passive effects
@: beast-form, flying
A: beast (slay +3), almost no armour, amphibious, 8 rings, camouflage 1,
gelatinous body 1, (nimble swimmer 1), tentacles
a: Begin Untransformation, Renounce Religion


You were on level 5 of the Dungeon.
You worshipped Wu Jian.
Wu Jian was noncommittal.
You were a hulking beast.
You visited 1 branch of the dungeon, and saw 5 of its levels.

You collected 173 gold pieces.

Inventory:

Missiles
 r - 7 poisoned darts
Jewellery
 c - an amulet of magic regeneration (around mantle)
 k - a +6 ring of dexterity (left tentacle)
 l - a ring of positive energy (right tentacle)
 s - a +6 ring of intelligence (on tentacle)
 w - a ring of flight (on tentacle)
Talismans
 b - a beast talisman
Wands
 m - a wand of mindburst (11)
 p - a wand of digging (4)
Scrolls
 d - a scroll of noise {unknown}
 f - a scroll of brand weapon {unknown}
 g - a scroll of enchant weapon {unknown}
 j - a scroll of enchant armour {unknown}
 n - a scroll of revelation {unknown}
 o - a scroll of identify
 q - a scroll of poison {unknown}
 u - 2 scrolls of teleportation {unknown}
Potions
 a - a potion of lignification
 e - 2 potions of attraction
 h - a potion of might {unknown}
 i - a potion of curing
 t - a potion of heal wounds
 v - a potion of ambrosia {unknown}
 x - a potion of mutation {unknown}


   Skills:
 + Level 4.8 Fighting
 - Level 2.0 Dodging
 * Level 6.6 Unarmed Combat
 + Level 1.8 Poison Magic
 + Level 4.7 Shapeshifting


You had 3 spell levels left.
You knew the following spells:

 Your Spells              Type           Power      Damage    Failure   Level
a - Olgreb's Toxic Radia  Pois           5%         N/A       75%         4

Your spell library contained the following spells:

 Spells                   Type           Power      Damage    Failure   Level
 Kiss of Death            Conj/Necr      0%         2d5       26%         1
 Slow                     Hex            0%         N/A       26%         1
 Ensorcelled Hibernation  Hex/Ice        0%         N/A       36%         2
 Confusing Touch          Hex            0%         N/A       58%         3
 Vampiric Draining        Necr           0%         2d6       58%         3
 Anguish                  Hex/Necr       0%         N/A       94%         4
 Dispel Undead            Necr           0%         3d6       94%         4
 Discord                  Hex            0%         N/A       100%        8
 Ignition                 Fire           0%         3d3       100%        8


Dungeon Overview and Level Annotations

Branches:
Dungeon (5/15)
 Temple: D:4-7

Altars:
Fedhas
Gozag
Qazlal
Sif Muna
Wu Jian

Annotations:
D:3 2 runed translucent doors, AwFulAwFulPlayer's ghost, amateur OpMo; Crazy Yiuf


Innate Abilities, Weirdness & Mutations

You are a hulking beast.
Your limbs bulge with bestial killing power. (Slay +3)
You cannot wear most types of armour.
You are amphibious.
You can wear up to eight rings at the same time.
Your skin changes colour to match your surroundings (Stealth+).
Your rubbery body absorbs attacks. (AC +1, EV +1)
((You are camouflaged when in or above water. (Stealth+)))
You have tentacles for arms and can constrict up to eight enemies at once.


Message History

It was a potion of heal wounds.
You feel much better.
You closely miss the orc priest. You grab the orc priest.
You constrict the orc priest.
The orc priest calls down the wrath of Beogh upon you.
Pain shoots through your body!
You bludgeon the orc priest! You squeeze the orc priest.
You kill the orc priest!
The Council accepts your kill.
The orc wizard casts a spell.
The orc wizard flickers and vanishes!
Deactivating autopickup; reactivate with Ctrl-A.
You hear a shout!
You bludgeon something! You squeeze something.
The orc throws a boomerang.
The boomerang hits you.
You completely miss something.
You hear some strange, mumbled words.
Something tries to affect you, but you resist.
The orc throws a boomerang.
The boomerang hits you.
You barely miss something. Something hits you.
You barely miss something. Something hits you. The orc misses you.
The orc priest begins to cast a cantrip, but forgets the words!
You tentacle-slap the orc. You grab the orc. You squeeze the orc.
You kill the orc!
The Council accepts your kill.
You closely miss something. Something hits you.
You tentacle-slap the orc priest but do no damage.
Your grab misses the orc priest. You squeeze the orc priest!
The orc priest is severely wounded.
Something hits you.
The orc priest hits you with a +0 flail!
* * * LOW HITPOINT WARNING * * *
You closely miss the orc priest. You grab the orc priest.
The orc priest is severely wounded.
You constrict the orc priest.
You hear some strange, mumbled words.
A magic dart appears from out of thin air!
The magic dart hits you!
* * * LOW HITPOINT WARNING * * *
The orc priest hits you with a +0 flail!
You die...

#.........o.o.# #<
#...........# ## #..
#...........# #^#
#..# #......o...#
#.# #.# ##......o.#
#..# #.# #......o"##
#...# #.#
#..#....o## #....#
#.#
#.###..#..####.....#
## #.#
#####..##h.....#
##.# ###.o{.....#
#.# ##..###..+ ..##
###..#### <..#
##..#.# #..## ##...#
#...# ###### ###.##
##..##
##....###....# ##..#
###...#........#


You could see an orc priest.

Vanquished Creatures
  Menkaure (D:4)
  A black bear (D:4)
  2 ice beasts (D:5)
  3 scorpions
  A hound (D:4)
  A jelly (D:4)
  2 orc priests
  Terence (D:3)
  2 iguanas (D:4)
  2 orc wizards (D:4)
  Ijyb (D:3)
  3 adders
  An ufetubus (D:5)
  2 worms
  2 dart slugs
  8 orcs
  4 endoplasms
  3 giant cockroaches
  5 goblins
  7 hobgoblins
  4 jackals (D:1)
  9 kobolds
  2 quokkas
  4 ball pythons
  6 bats
  2 frilled lizards
  A rat (D:1)
80 creatures vanquished.

Notes
Turn   | Place    | Note
-------+----------+-------------------------------------------
     0 | D:1      | LustLizard the Octopode Shapeshifter began the quest for
                  | the Orb.
     0 | D:1      | Reached XP level 1. HP: 14/14 MP: 1/1
   138 | D:1      | Reached XP level 2. HP: 13/19 MP: 2/2
   783 | D:2      | Reached XP level 3. HP: 25/25 MP: 3/3
   864 | D:2      | Reached skill level 3 in Unarmed Combat
  1441 | D:3      | Noticed Terence
  1442 | D:3      | Noticed Ijyb
  1448 | D:3      | Found a shimmering blue altar of Sif Muna.
  1493 | D:3      | Found a runed translucent door.
  1493 | D:3      | Noticed AwFulAwFulPlayer's ghost (amateur OpMo)
  1646 | D:3      | Killed Terence
  1647 | D:3      | Reached XP level 4. HP: 7/30 MP: 4/4
  1746 | D:3      | Killed Ijyb
  1934 | D:3      | Found a runed translucent door.
  1937 | D:3      | Noticed Crazy Yiuf
  2103 | D:3      | Found a stormy altar of Qazlal.
  2103 | D:3      | Found a blossoming altar of Fedhas.
  2147 | D:3      | Reached XP level 5. HP: 32/36 MP: 5/5
  2315 | D:4      | Reached skill level 4 in Unarmed Combat
  2431 | D:4      | Reached XP level 6. HP: 10/42 MP: 6/6
  2679 | D:4      | Noticed a black bear
  2789 | D:4      | Noticed Menkaure
  2800 | D:4      | Killed Menkaure
  2801 | D:4      | Reached skill level 5 in Unarmed Combat
  2801 | D:4      | Reached XP level 7. HP: 35/48 MP: 7/7
  3508 | D:5      | Entered Level 5 of the Dungeon
  3582 | D:5      | Reached skill level 6 in Unarmed Combat
  3762 | D:5      | Learned a level 4 spell: Olgreb's Toxic Radiance
  3810 | D:5      | Found an ornate altar of the Wu Jian Council.
  3835 | D:5      | Became a worshipper of the Wu Jian Council
  3925 | D:5      | Reached skill level 1 in Poison Magic
  3925 | D:5      | Reached XP level 8. HP: 16/54 MP: 8/8
  4153 | D:5      | Found an opulent altar of Gozag.
  4315 | D:5      | Slain by an orc priest

Illustrated notes

Levels and vault maps discovered:
D:1:      roderic_chinese_lattice_arrival, layout_loops_ring,
          minmay_tiny_reverse_x
D:2:      layout_basic
D:3:      layout_rooms, grunt_temple_overflow_forces_of_nature,
          mainiacjoe_overflow_boulevard, gammafunk_ghost_grave, st_stairs_2,
          minmay_misc_feat_plants, uniq_terence, uniq_ijyb,
          uniq_crazy_yiuf_cottage
D:4:      nicolae_cairo_tiling_very_big, layout_basic, serial_park_tiny_1,
          corexii_checkpoint_a, uniq_menkaure
D:5:      layout_cave_pods, grunt_gozag_breadcrumbs, lemuel_crystal_altar,
          grunt_ministairs_5

Skill      XL: |  1  2  3  4  5  6  7 |
---------------+----------------------+-----
Unarmed Combat | 3 4 5 6 |  6.6
Fighting       | 3 4 |  4.8
Shapeshifting  | 4 |  4.7
Poison Magic   | 1 |  1.8
Dodging        | |  2.0

Action                     |  1- 3 |  4- 6 |  7- 9 || total
---------------------------+-------+-------+-------++-------
  Melee: Unarmed           |    79 |    50 |    62 ||   191
         Constrict         |    20 |    15 |    11 ||    46
         Tentacles         |    12 |    16 |    13 ||    41
         Punch             |       |     1 |     3 ||     4
  Throw: Dart              |       |       |     5 ||     5
    Use: Potion            |       |       |     2 ||     2
         Scroll            |       |       |     1 ||     1
   Stab: Sleeping          |     5 |     4 |     3 ||    12
 Armour: Skin              |     7 |     3 |     3 ||    13
  Dodge: Dodged            |    46 |    17 |    27 ||    90

Table legend: (Time is in decaauts)
 A = Elapsed time spent in this place.
 B = Non-inter-level travel time spent in this place.
 C = Inter-level travel time spent in this place.
 D = Time resting spent in this place.
 E = Time spent auto-exploring this place.
 F = Levels seen in this place.
 G = Mean time per level.
                   A        B        C        D        E       F      G
               +--------+--------+--------+--------+--------+-----+--------+
         Total |   4297 |   4121 |    176 |    649 |   2777 |   5 |  859.4 |
       Dungeon |   4297 |   4121 |    176 |    649 |   2777 |   5 |  859.4 |
               +--------+--------+--------+--------+--------+-----+--------+

Top non-repeatable levels by time:
     D:4: 1197 daAuts
     D:3: 861 daAuts
     D:5: 801 daAuts
     D:2: 780 daAuts
     D:1: 657 daAuts
